 Dungeon Crawl Stone Soup version 0.31-a0-187-gba352fbbf7 (webtiles) character file.

Game seed: 4309525719808384337

95 qw the Shooter (level 4, -1/25 HPs)
             Began as a Deep Elf Hunter on June 22, 2023.
             Slain by an orc wizard
             ... wielding a +0 dagger
              (4 damage)
             ... on level 3 of the Dungeon.
             The game lasted 00:00:36 (1531 turns).

qw the Shooter (Deep Elf Hunter)                    Turns: 1531, Time: 00:00:37

Health: -1/25      AC:  4    Str: 10    XL:     4   Next: 39%
Magic:  6/6        EV: 12    Int: 14    God:
Gold:   85         SH:  0    Dex: 18    Spells: 3/3 levels left

rFire   . . .        Y - +0 shortbow
rCold   . . .        (shield currently unavailable)
rNeg    + . .        c - +0 leather armour
rPois   .            h - +0 helmet
rElec   .            (no cloak)
rCorr   .            (no gloves)
SInv    .            (no boots)
Will    .....        (no amulet)
Stlth   ++           d - ring of positive energy
HPRegen 0.24/turn    (no ring)
MPRegen 0.10/turn

%: no passive effects
@: about to teleport
A: no striking features
a: no special abilities


You were on level 3 of the Dungeon.
You visited 1 branch of the dungeon, and saw 3 of its levels.

You collected 85 gold pieces.


   Skills:
 - Level 1.5 Fighting
 + Level 7.8 Ranged Weapons
 - Level 2.4 Dodging
 - Level 1.2 Stealth


You had 3 spell levels left.
You didn't know any spells.
Your spell library was empty.

Inventory:

Hand Weapons
 Y - a +0 shortbow (weapon)
Armour
 b - a +0 ring mail
 c - a +0 leather armour (worn)
 h - a +0 helmet (worn)
Jewellery
 d - a ring of positive energy (left hand)
Scrolls
 a - a scroll of teleportation
 e - 3 scrolls of identify
Potions
 f - a potion of might {unknown}
 i - a potion of cancellation {unknown}
 j - a potion of attraction {unknown}

Dungeon Overview and Level Annotations

Branches:
Dungeon (3/15)

Altars:
Sif Muna


Message History

You shoot an arrow. The arrow hits the orc wizard.
The orc wizard is lightly wounded.
The orc wizard casts a spell at you. You resist with some effort.
The orc wizard completely misses you.
You shoot an arrow. The arrow hits the orc wizard!
The orc wizard is severely wounded.
The orc wizard hits you but does no damage.
The orc wizard hits you with a +0 dagger.
You shoot an arrow. The arrow hits the orc wizard.
The orc wizard is severely wounded.
The orc wizard completely misses you. The orc wizard barely misses you.
You shoot an arrow.
The arrow closely misses the orc wizard.
The orc wizard hits you but does no damage.
The orc wizard closely misses you.
You shoot an arrow. The arrow hits the orc wizard.
The orc wizard is almost dead.
The orc wizard barely misses you. x2
You shoot an arrow. The arrow hits the orc wizard.
You kill the orc wizard!
The orc wizard hits you with a +0 dagger.
You shoot an arrow.
The arrow closely misses the orc wizard.
You shoot an arrow. The arrow barely misses the orc wizard.
The orc wizard closely misses you.
You shoot an arrow.
The arrow closely misses the orc wizard.
The orc wizard hits you with a +0 dagger.
The orc wizard gestures at you while chanting.
The magic dart hits you!
1529 ||| READING 2 scrolls of teleportation.
As you read the scroll of teleportation, it crumbles to dust.
You feel strangely unstable.
The orc wizard hits you but does no damage.
The orc wizard closely misses you.
You shoot an arrow. The arrow barely misses the orc wizard.
The orc wizard hits you with a +0 dagger. x2
You shoot an arrow. The arrow misses the orc wizard.
The orc wizard hits you with a +0 dagger.
You die...

####.##..... #~.~#...##
#~.~##.## ###~.~##.## #####
#.#~.~#...# #.o.#
#.#~.~##..#
#...#####.#~.~##..##
##+###+###o##.....#~.~##....
#.........o@#####.#~.~###<##
#....}.}....#.....#~.~# #.#
#....}....######.##.## #.#
##..}.}..## #.##.####.##
##.....## #..........#
###.### #.~}~~P~P~.# #...#
#.)......~.# ##########.#
#.}.####.P.. #..<...###.#
#.}.#_...~.#


You could see 3 orc wizards.

Vanquished Creatures
  An orc wizard (D:3)
  An adder (D:2)
  A worm (D:2)
  A dart slug (D:1)
  2 orcs (D:3)
  A bat (D:2)
  6 endoplasms
  A giant cockroach (D:1)
  6 goblins
  8 hobgoblins
  4 jackals (D:2)
  2 quokkas (D:1)
  3 ball pythons
  4 frilled lizards
  5 kobolds
  3 rats (D:2)
49 creatures vanquished.

Notes
Turn   | Place    | Note
-------+----------+-------------------------------------------
     0 | D:1      | qw the Deep Elf Hunter began the quest for the Orb.
     0 | D:1      | Reached XP level 1. HP: 12/12 MP: 3/3
     0 | D:1      | 0 ||| qw: Version: 0.3-a-9-g12657ce
     0 | D:1      | 0 ||| qw: Game counter: 2708
     0 | D:1      | 0 ||| qw: Always use a shield: true
     0 | D:1      | 0 ||| qw: God list: Okawaru
     0 | D:1      | 0 ||| qw: Allow faded altars: false
     0 | D:1      | 0 ||| qw: Do Orc after D:15 true
     0 | D:1      | 0 ||| qw: Do second Lair branch before Depths: true
     0 | D:1      | 0 ||| qw: Lair rune preference: random
     0 | D:1      | 0 ||| qw: Plans: Normal
     0 | D:1      | 0 ||| PLANNING D:1-11
    74 | D:1      | Reached skill level 6 in Ranged Weapons
    74 | D:1      | Reached XP level 2. HP: 16/16 MP: 4/4
   699 | D:1      | 699 ||| UPGRADING to +0 helmet.
   704 | D:1      | 704 ||| READING 2 scrolls labelled CUHIGI KIAPRUI.
   709 | D:1      | 709 ||| READING 2 scrolls labelled BOLAAV RI MEUH.
   710 | D:1      | 710 ||| READING scroll labelled TYNEDU VAROUPE.
   711 | D:1      | 711 ||| DROPPING scroll of butterflies.
   888 | D:2      | Reached XP level 3. HP: 20/20 MP: 5/5
  1134 | D:2      | Reached skill level 7 in Ranged Weapons
  1177 | D:2      | 1177 ||| UPGRADING to ring of positive energy.
  1178 | D:2      | 1178 ||| READING 4 scrolls of identify.
  1178 | D:2      | 1178 ||| IDENTIFYING amethyst potion
  1179 | D:2      | 1179 ||| READING 3 scrolls of identify.
  1179 | D:2      | 1179 ||| IDENTIFYING coppery potion
  1180 | D:2      | 1180 ||| READING 2 scrolls of identify.
  1180 | D:2      | 1180 ||| IDENTIFYING silvery potion
  1181 | D:2      | 1181 ||| DROPPING potion of degeneration.
  1182 | D:2      | 1182 ||| DROPPING potion of ambrosia.
  1183 | D:2      | 1183 ||| DROPPING potion of lignification.
  1224 | D:3      | Found a faded altar of an unknown god.
  1390 | D:3      | Reached XP level 4. HP: 25/25 MP: 6/6
  1518 | D:3      | Found a shimmering blue altar of Sif Muna.
  1519 | D:3      | 1519 ||| Stepping ~*~*~tactically~*~*~ (outnumbered).
  1528 | D:3      | HP: 5/25 [orc wizard/magic dart (9)]
  1529 | D:3      | 1529 ||| READING 2 scrolls of teleportation.
  1531 | D:3      | Slain by an orc wizard

Levels and vault maps discovered:
D:1:      scummos_arrival_simple_fountains, layout_basic
D:2:      layout_basic, chequers_decorated_corner
D:3:      layout_loops_ring, palyth_temple_overflow_mages,
          shapermc_ecumenical_altar_acropolis,
          amcnicky_mini_rare_corridor_liquid, kennysheep_generic_room_6

Skill      XL: |  1  2  3 |
---------------+----------+-----
Ranged Weapons | 6 7 |  7.8
Fighting       | |  1.5
Dodging        | |  2.4
Stealth        | |  1.2

Action                     |  1- 3 |  4- 6 || total
---------------------------+-------+-------++-------
   Fire: Shortbow          |   125 |    13 ||   138
    Use: Scroll            |     6 |     1 ||     7
 Armour: Leather armour    |     9 |     3 ||    12
  Dodge: Dodged            |    25 |     8 ||    33

Table legend:
 A = Non-vault XP
 B = Vault XP
 C = Vault XP percentage of total XP
 D = Non-vault monster count
 E = Vault monster count
 F = Vault count percentage of total count
                 A         B        C        D         E       F
            +---------+---------+-------+---------+---------+-------
      Total |      95 |      41 |  30.1 |      45 |       4 |   8.2
            +---------+---------+-------+---------+---------+-------
        D:1 |      34 |       0 |   0.0 |      19 |       0 |   0.0
        D:2 |      50 |       0 |   0.0 |      20 |       0 |   0.0
        D:3 |      11 |      41 |  78.8 |       6 |       4 |  40.0
            +---------+---------+-------+---------+---------+-------
